 Dungeon Crawl Stone Soup version 0.10.2-40-g36e0077 character file.

526 adomman the Magician (level 6, -4/28 HPs)
             Began as a Spriggan Enchanter on Sept 13, 2012.
             Was a Follower of Ashenzari.
             Killed by divine providence
             ... invoked by an orc priest
              (13 damage)
             ... on Level 4 of the Dungeon.
             The game lasted 01:15:09 (6353 turns).

adomman the Magician (Spriggan Enchanter)           Turns: 6353, Time: 01:15:09

HP  -4/28        AC  3     Str  4      XL: 6   Next: 34%
MP  15/20        EV 18     Int 19      God: Ashenzari [*.....]
Gold 204         SH  0     Dex 16      Spells:  2 memorised, 14 levels left

Res.Fire  : . . .   See Invis. : +   a - +1 dagger (curse) {=f}
Res.Cold  : . . .   Warding    : . . b - +1 robe
Life Prot.: . . .   Conserve   : .   (shield restricted)
Res.Acid. : . . .   Res.Corr.  : .   (helmet restricted)
Res.Poison: .       Clarity    : .   (no cloak)
Res.Elec. : .       Spirit.Shd : .   (gloves unavailable)
Sust.Abil.: + .     Stasis     : .   (boots unavailable)
Res.Mut.  : .       Ctrl.Telep.: .   o - amulet of controlled flight
Res.Rott. : .       Levitation : .   r - ring of protection from magic
Saprovore : . . .   Ctrl.Flight: +   j - cursed ring of sustain abilities {unknown}

@: very quick, quite resistant to hostile enchantments, quite stealthy
A: unfitting armour, see invisible, herbivore 3, speed 3, slow metabolism 3
a: Renounce Religion


You were on level 4 of the Dungeon.
You worshipped Ashenzari.
Ashenzari was pleased with you.
You were not hungry.

You visited 2 branches of the dungeon, and saw 5 of its levels.
You visited 1 portal chamber: sewer.

You collected 184 gold pieces.

Inventory:

Hand weapons
 a - a cursed +1,+1 dagger (weapon) {=f}
Missiles
 d - 15 +1 darts (quivered)
Armour
 b - a +1 robe (worn)
Magical devices
 s - a wand of draining (10) {unknown}
Scrolls
 g - 7 scrolls of identify
 h - 2 scrolls of detect curse
 i - a scroll of enchant armour {unknown}
 k - 3 scrolls of random uselessness {unknown}
 l - 2 scrolls of curse weapon
 m - a scroll of blinking {unknown}
 t - 2 scrolls of remove curse
 u - a scroll of recharging {unknown}
 w - a scroll of curse armour
Jewellery
 j - a cursed ring of sustain abilities (left hand) {unknown}
 o - an amulet of controlled flight (around neck)
 r - a ring of protection from magic (right hand)
 v - an uncursed ring of magical power
Potions
 e - a potion of porridge
 f - 5 potions of curing
 n - 3 potions of heal wounds {unknown}
 p - a potion of restore abilities {unknown}
 q - 2 potions of levitation
Books
 c - a book of Maledictions

   Spells                             Type                      Level
   *Corona                            Hexes                        1
   Sure Blade                         Hexes/Charms                 2
   *Ensorcelled Hibernation           Hexes/Ice                    2
   Confuse                            Hexes                        3
   Enslavement                        Hexes                        4
   Invisibility                       Hexes                        6


   Skills:
 - Level 2,1 Short Blades
 - Level 1,1 Throwing
 - Level 3,0 Dodging
 - Level 4,0 Stealth
 * Level 4,0 Stabbing
 - Level 6,2 Spellcasting
 - Level 4,1 Hexes
 - Level 2,1 Ice Magic


You had 14 spell levels left.
You knew the following spells:

 Your Spells              Type           Power        Failure   Level  Hunger
a - Corona                Hex            ####....     1%          1    None
b - Ensorcelled Hibernat  Ice/Hex        ####...      6%          2    None


Dungeon Overview and Level Annotations

Branches:
Dungeon (4/27)             Temple (1/1) D:4

Altars:
Ashenzari
Cheibriados
Elyvilon
Fedhas
Kikubaaqudgha
Makhleb
Nemelex Xobeh
Okawaru
Sif Muna
The Shining One
Trog
Vehumet
Xom
Yredelemnul
Zin


Innate Abilities, Weirdness & Mutations

You are tiny and cannot use many weapons and most armour.
You have supernaturally acute eyesight.
You are a herbivore.
You cover ground extremely quickly.
You need consume almost no food.


Message History

The orc hits you with a glowing orcish whip.
Casting: Ensorcelled Hibernation
Confirm with . or Enter, or press ? or * to list all spells.
Aiming: Ensorcelled Hibernation
Press: ? - help, Shift-Dir - straight line, f/p - orc priest
Aim: an orc priest, wielding an orcish falchion The orc priest easily resists.
The orc priest's eyes start to glow.
The orc priest hits you with an orcish falchion.
The orc misses you.
The orc priest prays to Beogh.
You feel a wave of unholy energy pass over you.
There is an open door here.
The orc throws a runed orcish hand axe.
The runed orcish hand axe misses you.
The orc priest's eyes start to glow.
The orc priest picks up an uncursed runed orcish hand axe.
There is a stone staircase leading up here.
The orc priest mumbles some strange prayers to Beogh against you.
Something smites you!
You die...

....# ... ##### .o.
# #.# . ### #o# ##.
..# ##.# #.. ..#
#..# ##.#### ..#
###'### #.....# ..#
#...)o#######
#.....# ..####
#....oo..@.)#
#.....#
..+..###.)..o#####.#
#.....#
..##..##)....#
#.###...%.#
#####..'....[#
#.........# .#
####.....#
#####.....# .#
##'#### ####.## .##
#.### #.# ..# #...#
###.# #.# ###.#
#...#


You could see 2 orc priests and 2 orcs.

Vanquished Creatures
  A big kobold (Port)
  A hound (D:4)
  An orc priest (D:4)
  A big fish (Port)
  A scorpion (D:2)
  3 adders
  3 green rats (D:3)
  A worm (D:4)
  2 grey rats (Port)
  A bat skeleton (D:3)
  2 giant geckos
  An ooze (D:3)
  2 orcs (D:3)
  10 bats
  4 giant cockroaches
  9 goblins
  6 hobgoblins
  4 jackals
  8 kobolds
  3 giant newts
  9 rats
  3 toadstools
76 creatures vanquished.

Vanquished Creatures (others)
  A kobold (D:2)
  4 toadstools
5 creatures vanquished.

Grand Total: 81 creatures vanquished

Notes
Turn   | Place    | Note
--------------------------------------------------------------
     0 | D:1      | adomman, the Spriggan Enchanter, began the quest for the Orb.
     0 | D:1      | Reached XP level 1. HP: 9/9 MP: 4/4
   253 | D:1      | Reached XP level 2. HP: 13/13 MP: 6/6
   755 | D:1      | Reached skill level 4 in Stabbing
   948 | D:2      | Found a bloodstained altar of Trog.
  1044 | D:2      | Found a shattered altar of Ashenzari.
  1052 | D:2      | Got a black book
  1053 | D:2      | Identified Ashenzari's Catalogue of Culinary Necromancy (You found it on level 2 of the Dungeon)
  1055 | D:2      | Became a worshipper of Ashenzari the Shackled
  1668 | D:2      | Learned a level 2 spell: Ensorcelled Hibernation
  1670 | D:2      | Reached XP level 3. HP: 14/16 MP: 6/11
  1890 | D:2      | Reached XP level 4. HP: 13/21 MP: 14/14
  2328 | D:2      | Reached skill level 1 in Ice Magic
  2507 | D:3      | Found a glowing drain. 2570
                  | sewer
                  | Entered the sewers 2910
                  | sewer
                  | Reached XP level 5. HP: 8/24 MP: 14/17 3294
                  | sewer
                  | Reached skill level 5 in Spellcasting 3295
                  | sewer
                  | Found a white marble altar of Elyvilon.
  4483 | D:3      | Found a snail-covered altar of Cheibriados.
  4588 | D:3      | Reached XP level 6. HP: 24/28 MP: 20/20
  5307 | D:4      | Found a staircase to the Ecumenical Temple.
  5401 | Temple   | Entered the Ecumenical Temple
  5670 | D:4      | Reached skill level 6 in Spellcasting
  6272 | D:4      | Found a bloodstained altar of Trog.
  6353 | D:4      | Killed from afar by an orc priest
